 Dungeon Crawl Stone Soup version 0.25-a0-730-g633e9c3c14 (webtiles) character file.

Game seed: 9465269146395729094, levelgen mode: deterministic

16 vurker the Bolt Thrower (level 2, 0/18 HPs)
             Began as a Kobold Hunter on Apr 7, 2020.
             Slain by a jackal (2 damage)
             ... on level 1 of the Dungeon.
             The game lasted 00:00:52 (532 turns).

vurker the Bolt Thrower (Kobold Hunter)              Turns: 532, Time: 00:00:53

Health: 0/18       AC:  3    Str:  9    XL:     2   Next: 75%
Magic:  2/2        EV: 14    Int: 12    God:
Gold:   0          SH:  0    Dex: 15    Spells: 1/1 levels left

rFire    . . .     SeeInvis .   b - +0 short sword
rCold    . . .     Gourm    .   (shield restricted)
rNeg     . . .     Faith    .   c - +0 leather armour
rPois    .         Spirit   .   (no helmet)
rElec    .         Reflect  .   (no cloak)
rCorr    .         Harm     .   (no gloves)
MR       .....                  (no boots)
Stlth    ++........             (no amulet)
HPRegen  0.06/turn              (no ring)
MPRegen  0.08/turn              (no ring)

@: no status effects
A: small, carnivore
a: no special abilities


You were on level 1 of the Dungeon.
You were completely stuffed.

You visited 1 branch of the dungeon, and saw 1 of its levels.

Inventory:

Hand Weapons
 a - a +1 hand crossbow
 b - a +0 short sword (weapon)
Missiles
 d - 20 bolts
Armour
 c - a +0 leather armour (worn)
Scrolls
 h - a scroll of enchant armour {unknown}
 i - a scroll of teleportation {unknown}
Potions
 g - a potion of curing {unknown}
Comestibles
 e - a ration
 f - 6 chunks of flesh


   Skills:
 + Level 2.6 Fighting
 * Level 5.4 Crossbows
 - Level 2.4 Dodging
 - Level 1.3 Stealth


You had one spell level left.
You didn't know any spells.
Your spell library was empty.

Dungeon Overview and Level Annotations

Branches:
Dungeon (1/15)

Altars:


Innate Abilities, Weirdness & Mutations

You are small and have problems with some larger weapons.
You are carnivorous and can eat meat at any time.


Message History

The bat closely misses you.
You miss the bat. The bat misses you. The bat barely misses you.
The bat hits you but does no damage. x2
You completely miss the bat. The bat barely misses you.
The bat hits you but does no damage.
A hobgoblin comes into view.
The hobgoblin shouts!
You hit the bat.
You kill the bat!
The bat hits you but does no damage. The bat closely misses you.
A jackal comes into view.
The bat misses you.
You hit the hobgoblin but do no damage. The bat hits you but does no damage.
A jackal comes into view.
The bat misses you. The hobgoblin closely misses you.
You miss the bat. The bat hits you but does no damage.
The bat closely misses you. The hobgoblin misses you.
The jackal barks!
You hit the hobgoblin but do no damage. The bat closely misses you.
The hobgoblin barely misses you.
A jackal comes into view.
You barely miss the jackal. The jackal bites you. The hobgoblin misses you.
The jackal closely misses you.
You barely miss the jackal. The hobgoblin hits you.
You hit the jackal but do no damage. The jackal barely misses you.
The hobgoblin barely misses you. The jackal misses you.
The jackal bites you but does no damage.
You hit the jackal. The jackal barely misses you.
The hobgoblin hits you but does no damage.
The jackal closely misses you. The jackal barely misses you.
The hobgoblin hits you.
* * * LOW HITPOINT WARNING * * *
The jackal barely misses you. The hobgoblin hits you.
* * * LOW HITPOINT WARNING * * *
You hit the jackal but do no damage. The jackal bites you.
* * * LOW HITPOINT WARNING * * *
The jackal misses you.
Your leather armour prevents you from hitting the jackal.
The jackal closely misses you.
You barely miss the jackal. The jackal bites you.
* * * LOW HITPOINT WARNING * * *
The jackal bites you.
* * * LOW HITPOINT WARNING * * *
You closely miss the jackal.
The jackal bites you but does no damage.
The jackal misses you.
You closely miss the jackal. The jackal bites you.
You die...

.# .# #
#########.#.##
#............#
#.####.h.....# #.#
#..####...
############.# #..#
..>..........####hb#
########.......@hg##
#.########.# #.# #.#
#.# #.# #.# #.# #.#
#.# #.########.####
#.............#
##########.##.#


You could see 2 jackals, a hobgoblin and a bat.

Vanquished Creatures
  A ball python (D:1)
  3 goblins (D:1)
  2 hobgoblins (D:1)
  3 jackals (D:1)
  A kobold (D:1)
  A bat (D:1)
  3 rats (D:1)
14 creatures vanquished.

Notes
Turn   | Place    | Note
-------+----------+-------------------------------------------
     0 | D:1      | vurker the Kobold Hunter began the quest for the Orb.
     0 | D:1      | Reached XP level 1. HP: 12/12 MP: 1/1
    28 | D:1      | Reached skill level 5 in Crossbows
   119 | D:1      | Reached XP level 2. HP: 11/18 MP: 2/2
   532 | D:1      | Slain by a jackal

Levels and vault maps discovered:
D:1:      lightli_arrival_statue_moat, layout_loops_ring

Skill      XL: |  1 |
---------------+----+-----
Crossbows      | 5 |  5.4
Fighting       | |  2.6
Dodging        | |  2.4
Stealth        | |  1.3

Action                   || total
-------------------------++-------
Melee: Short sword       ||    89
 Fire: Hand crossbow     ||     1
  Eat: Chunk             ||     7
Armor: Leather armour    ||    37
Dodge: Dodged            ||    95

Table legend:
 A = Non-vault XP
 B = Vault XP
 C = Vault XP percentage of total XP
 D = Non-vault monster count
 E = Vault monster count
 F = Vault count percentage of total count
                 A         B        C        D         E       F
            +---------+---------+-------+---------+---------+-------
      Total |      24 |       0 |   0.0 |      14 |       0 |   0.0
            +---------+---------+-------+---------+---------+-------
        D:1 |      24 |       0 |   0.0 |      14 |       0 |   0.0
            +---------+---------+-------+---------+---------+-------
